 Dungeon Crawl Stone Soup version 0.22-a0-247-gbddf880 (webtiles) character file.

43 sankara the Grave Robber (level 3, 0/26 HPs)
             Began as a Ghoul Necromancer on Feb 26, 2018.
             Slain by a hobgoblin
             ... wielding a +0 club
              (4 damage)
             ... on level 2 of the Dungeon.
             The game lasted 00:07:27 (1348 turns).

sankara the Grave Robber (Ghoul Necromancer)        Turns: 1348, Time: 00:07:28

Health: 0/26       AC:  2    Str: 11    XL:     3   Next: 58%
Magic:  1/4        EV: 12    Int: 11    God:
Gold:   69         SH:  0    Dex:  9    Spells: 0/5 levels left

rFire    . . .     SeeInvis .   g - -1 club (curse)
rCold    + . .     Gourm    .   (no shield)
rNeg     + + +     Faith    .   a - +0 robe
rPois    ∞         Spirit   .   (no helmet)
rElec    .         Reflect  .   (no cloak)
rCorr    .         Harm     .   (no gloves)
MR       .....                  (no boots)
Stlth    ++........             (no amulet)
HPRegen  0.00/turn              (no ring)
MPRegen  0.09/turn              (no ring)

@: very slightly contaminated, rotting
A: rotting body, claws 1, carnivore, cold resistance 1, negative energy
resistance 3, inhibited regeneration, torment resistance, unbreathing
a: no special abilities


You were on level 2 of the Dungeon.
You were not hungry.

You visited 1 branch of the dungeon, and saw 2 of its levels.

You collected 69 gold pieces.

Inventory:

Hand Weapons
 g - a cursed -1 club (weapon)
   (You took it off a hobgoblin on level 1 of the Dungeon)
 k - a +1 hunting sling
   (You found it on level 1 of the Dungeon)
Missiles
 h - 54 stones (quivered)
 i - 47 sling bullets
Armour
 a - a +0 robe (worn)
Scrolls
 f - a scroll of enchant weapon
 l - 3 scrolls of identify {unknown}
Potions
 c - 2 potions of agility {unknown}
 d - 2 potions of flight {unknown}
 e - a potion of heal wounds {unknown}
 j - a potion of invisibility {unknown}
 m - a potion of berserk rage {unknown}
Comestibles
 b - 3 rations
 n - a chunk of flesh {@w0}


   Skills:
 * Level 1.3 Maces & Flails
 - Level 1.7 Dodging
 - Level 2.1 Stealth
 + Level 1.9 Spellcasting
 + Level 0.3 Charms
 + Level 4.7 Necromancy


You couldn't memorise any spells.
You knew the following spells:

 Your Spells              Type           Power        Failure   Level  Hunger
a - Pain                  Necr           ##..         4%          1    ##.....
b - Animate Skeleton      Necr           N/A          4%          1    ##.....
c - Regeneration          Chrm/Necr      #.........   30%         3    ####...


Dungeon Overview and Level Annotations

Branches:
Dungeon (2/15)

Altars:


Innate Abilities, Weirdness & Mutations

Your body is rotting away.
You thrive on raw meat.
You are immune to poison.
You have sharp fingernails.
You are carnivorous and can eat meat at any time.
Your flesh is cold resistant. (rC+)
You are immune to negative energy. (rN+++)
You do not regenerate when monsters are visible.
You are immune to unholy pain and torment.
You can survive without breathing.


Message History

This raw flesh tastes great!
l - 3 scrolls labeled ACHU YTALLYNU You see here a great sword.
Key pressed, stopping explore.
You see here a great sword.
m - a lumpy brown potion A goblin comes into view.
It is wielding a dagger.
No target in view!
No target in view!
No target in view!
No target in view!
A bat comes into view.
The helpless goblin fails to defend itself.
You hit the goblin.
The goblin is moderately wounded.
The bat barely misses you. The goblin barely misses you.
The goblin closely misses you.
You hit the goblin but do no damage.
The goblin is moderately wounded.
The bat hits you. The goblin barely misses you.
You hit the goblin.
You kill the goblin!
The bat completely misses you. The bat barely misses you.
Found a stone staircase leading down.
You see here a dagger.
You hit the bat.
You kill the bat!
No target in view!
No target in view!
You see here a bat corpse.
You butcher the bat corpse.
n - a chunk of flesh {@w0} A hobgoblin comes into view.
It is wielding a club.
A hobgoblin is nearby!
A goblin comes into view. It is wielding a club.
The goblin moves out of view.
Found a stone staircase leading up.
The hobgoblin shouts!
You hear a bark! x3
You hit the hobgoblin but do no damage.
The hobgoblin hits you but does no damage.
The hobgoblin hits you with a club.
You hit the hobgoblin.
The hobgoblin is heavily wounded.
The hobgoblin misses you.
You hit the hobgoblin but do no damage.
The hobgoblin is moderately wounded.
The hobgoblin hits you with a club.
You are too injured to fight recklessly!
You are too injured to fight recklessly!
You are too injured to fight recklessly!
Casting: Pain (safe; 4% risk of failure)
Confirm with . or Enter, or press ? or * to list all spells.
Aiming: Pain (safe; 4% risk of failure)
Press: ? - help, Shift-Dir - straight line, f - hobgoblin
Aim: a hobgoblin, wielding a club (moderately wounded, chance to defeat MR: 80%)
You miscast Pain.
You are very lightly contaminated with residual magic.
Strange energies run through your body.
The hobgoblin hits you but does no damage.
Casting: Pain (safe; 4% risk of failure)
Confirm with . or Enter, or press ? or * to list all spells.
Aiming: Pain (safe; 4% risk of failure)
Press: ? - help, Shift-Dir - straight line, f/p - hobgoblin
Aim: a hobgoblin, wielding a club (chance to defeat MR: 80%)
The hobgoblin barely resists.
The hobgoblin hits you but does no damage.
Casting: Pain (safe; 4% risk of failure)
Confirm with . or Enter, or press ? or * to list all spells.
Aiming: Pain (safe; 4% risk of failure)
Press: ? - help, Shift-Dir - straight line, f/p - hobgoblin
Aim: a hobgoblin, wielding a club (chance to defeat MR: 80%)
The hobgoblin barely resists.
Casting: Pain (safe; 4% risk of failure)
Confirm with . or Enter, or press ? or * to list all spells.
Aiming: Pain (safe; 4% risk of failure)
Press: ? - help, Shift-Dir - straight line, f/p - hobgoblin
Aim: a hobgoblin, wielding a club (chance to defeat MR: 80%)
The hobgoblin barely resists.
The hobgoblin hits you but does no damage.
Casting: Pain (safe; 4% risk of failure)
Confirm with . or Enter, or press ? or * to list all spells.
You don't have enough magic to cast that spell.
Unknown command.
You hit the hobgoblin but do no damage. The hobgoblin barely misses you. x2
You hit the hobgoblin but do no damage. The hobgoblin closely misses you.
You barely miss the hobgoblin. The hobgoblin closely misses you.
You closely miss the hobgoblin. The goblin hits you but does no damage.
The hobgoblin barely misses you.
You hit the hobgoblin.
The hobgoblin is almost dead.
The goblin hits you but does no damage. The hobgoblin hits you with a club.
You hit the hobgoblin but do no damage.
The hobgoblin is almost dead.
The goblin hits you with a club. The hobgoblin hits you with a club.
* * * LOW HITPOINT WARNING * * *
You hit the hobgoblin but do no damage.
The hobgoblin is almost dead.
The goblin barely misses you. The hobgoblin hits you with a club.
You die...

##. ##. #.. ..< #.# ..
##.##.# ..# # .....
... #.###.#># ###
#.....#.###.#
#...g@g.....# #.#
#....##.##### ##.##
#.##.##.# #...#
#.......## #...#
..##....)#### #...#
#...........# #...###
#.##..##.#..####......
# #.. #.#............
....................


You could see a hobgoblin and a goblin.

Vanquished Creatures
  An adder (D:2)
  3 dart slugs
  A leopard gecko (D:1)
  A giant cockroach (D:1)
  3 goblins
  6 hobgoblins
  3 bats
  2 frilled lizards (D:1)
  3 kobolds (D:1)
  6 rats
29 creatures vanquished.

Notes
Turn   | Place    | Note
-------+----------+-------------------------------------------
     0 | D:1      | sankara the Ghoul Necromancer began the quest for the Orb.
     0 | D:1      | Reached XP level 1. HP: 14/14 MP: 2/2
   195 | D:1      | Reached XP level 2. HP: 20/20 MP: 0/3
   257 | D:1      | Learned a level 1 spell: Animate Skeleton
   279 | D:1      | HP: 4/20 [kobold/stone (4)]
   928 | D:1      | Reached skill level 1 in Maces & Flails
   928 | D:1      | Reached XP level 3. HP: 26/26 MP: 2/4
   937 | D:1      | Learned a level 3 spell: Regeneration
  1347 | D:2      | HP: 4/26 [hobgoblin/club (4)]
  1348 | D:2      | Slain by a hobgoblin

Vault maps used:
D:1:      lemuel_arrival_broad_hall, hangedman_decor_riveting
D:2:      lemuel_zombie_altar_kikubaaqudgha, lemuel_coloured_pillars_altar,
          tso_altar, first_ration, minmay_rat_gold_closets

Skill      XL: |  1  2 |
---------------+-------+-----
Maces & Flails | 1 |  1.3
Dodging        | |  1.7
Stealth        | |  2.1
Spellcasting   | |  1.9
Charms         | |  0.3
Necromancy     | |  4.7

Action                   || total
-------------------------++-------
Melee: Unarmed           ||    10
       Club              ||    63
 Cast: Pain              ||    37
  Use: Scroll            ||     6
 Stab: Sleeping          ||     4
  Eat: Chunk             ||    15
Armor: Robe              ||    17
Dodge: Dodged            ||    73

Table legend:
 A = Spawn XP
 B = Non-spawn XP
 C = Spawn XP percentage of total XP
 D = Spawn monster count
 E = Non-spawn monster count
 F = Spawn count percentage of total count
 G = Total turns spent on level
                    A         B        C        D         E        F      G
               +---------+---------+-------+---------+---------+-------+---------
         Total |       0 |      62 |   0.0 |       0 |      29 |   0.0 |  1348
               +---------+---------+-------+---------+---------+-------+---------
           D:1 |       0 |      37 |   0.0 |       0 |      22 |   0.0 |  1117
           D:2 |       0 |      25 |   0.0 |       0 |       7 |   0.0 |   231
               +---------+---------+-------+---------+---------+-------+---------

Vault maps used:
D:1:      lemuel_arrival_broad_hall, hangedman_decor_riveting
D:2:      lemuel_zombie_altar_kikubaaqudgha, lemuel_coloured_pillars_altar,
          tso_altar, first_ration, minmay_rat_gold_closets

Table legend:
 A = Turns spent in this place as a percentage of turns spent in the entire game.
 B = Non-inter-level travel turns spent in this place as a percentage of non-inter-level travel turns spent in the entire game.
 C = Inter-level travel turns spent in this place as a percentage of turns spent in this place.
 D = Turns resting spent in this place as a percentage of non-inter-level travel turns spent in this place.
 E = Turns spent auto-exploring this place as a percentage of non-inter-level travel turns spent in this place.
 F = Non-inter-level travel turns spent in this place divided by the number of levels of this place that you've seen.
                   A       B       C       D       E      F
               +-------+-------+-------+-------+-------+----------------------
         Total | 100.0 | 100.0 |   1.8 |  23.1 |  46.8 | 662.0
       Dungeon | 100.0 | 100.0 |   1.8 |  23.1 |  46.8 | 662.0
               +-------+-------+-------+-------+-------+----------------------

Table legend:
 A = Kills in this place as a percentage of kills in entire the game.
 B = Kills by you in this place as a percentage of kills by you in the entire game.
 C = Kills by friends in this place as a percentage of kills by friends in the entire game.
 D = Other kills in this place as a percentage of other kills in the entire game.
 E = Experience gained in this place as a percentage of experience gained in the entire game.
 F = Experience gained in this place divided by the number of levels of this place that you have seen.
                   A       B       C       D       E      F
               +-------+-------+-------+-------+-------+----------------------
         Total | 100.0 | 100.0 |   N/A |   N/A | 100.0 |  31.0
       Dungeon | 100.0 | 100.0 |   N/A |   N/A | 100.0 |  31.0
               +-------+-------+-------+-------+-------+----------------------
